 Dungeon Crawl Stone Soup version 0.17-a0-1910-g4c791fa (webtiles) character file.

266 derrpe the Bolt Thrower (level 6, -1/44 HPs)
             Began as a Formicid Hunter on Sept 25, 2015.
             Was an Initiate of Okawaru.
             Killed from afar by an orc wizard (4 damage)
             ... with a magic dart
             ... on level 4 of the Dungeon.
             The game lasted 00:04:49 (3873 turns).

derrpe the Bolt Thrower (Formicid Hunter)           Turns: 3873, Time: 00:04:49

Health: -1/44      AC:  3    Str: 19    XL:     6   Next: 44%
Magic:  15/15      EV: 11    Int: 10    God:    Okawaru [......]
Gold:   168        SH:  0    Dex: 11    Spells: 0 memorised, 5 levels left

rFire  . . .     SeeInvis +     a - +1 hand crossbow
rCold  . . .     Clarity  .     d - +0 leather armour
rNeg   + . .     SustAt   .     (no shield)
rPois  .         Gourm    .     (helmet unavailable)
rElec  .         Spirit   .     (no cloak)
rCorr  .         Warding  +     (no gloves)
rMut   .         Stasis   +     (no boots)
MR     .....                    s - amulet of warding
Stlth  +.........               (no ring)
                                q - ring of magical power

@: not resistant to hostile enchantments, very unstealthy
A: permanent stasis, dig shafts and tunnels, four strong arms, antennae 3
a: Dig, Shaft Self, Renounce Religion


You were on level 4 of the Dungeon.
You worshipped Okawaru.
Okawaru was noncommittal.
You were not hungry.

You visited 1 branch of the dungeon, and saw 4 of its levels.

You collected 168 gold pieces.

Inventory:

Hand weapons
 a - a +1 hand crossbow (weapon)
 b - a +0 dagger of electrocution
 x - a +4 mace
Missiles
 c - 13 bolts (quivered)
 g - 5 javelins
Armour
 d - a +0 leather armour (worn)
 v - a +0 ring mail
Jewellery
 h - an uncursed amulet of faith
 q - a ring of magical power (left hand)
 s - an amulet of warding (around neck)
Scrolls
 f - 4 scrolls of remove curse {unknown}
 j - a scroll of fear {unknown}
 k - 4 scrolls of teleportation {unknown}
 l - a scroll of immolation {unknown}
 n - 4 scrolls of identify {unknown}
 o - a scroll of random uselessness {unknown}
 p - a scroll of enchant weapon {unknown}
 y - a scroll of blinking {unknown}
Potions
 i - a potion of mutation {unknown}
 r - 3 potions of heal wounds {unknown}
 u - a potion of curing {unknown}
 w - a potion of degeneration {unknown}
 B - a potion of invisibility {unknown}
 C - a potion of magic {unknown}
 D - a potion of might {unknown}
Miscellaneous
 t - a plain deck of changes
Comestibles
 e - 3 bread rations {@e1}
 m - 2 slices of pizza
 z - a meat ration {@e2}


   Skills:
 - Level 2.1 Fighting
 + Level 7.3 Crossbows
 - Level 1.7 Dodging
 - Level 1.2 Stealth


You had 5 spell levels left.
You didn't know any spells.

Dungeon Overview and Level Annotations

Branches:
Dungeon (4/15)
 Temple: D:4-7

Altars:
Nemelex Xobeh
Okawaru


Innate Abilities, Weirdness & Mutations

You are under a permanent stasis effect.
You can dig through walls and to a lower floor.
Your four strong arms can wield two-handed weapons with a shield.
You have a pair of large antennae on your head (SInv).


Message History

You are too injured to fight recklessly!
You are too injured to fight recklessly!
You are too injured to fight recklessly!
You are too injured to fight recklessly!
Firing (i - inventory. (,) - cycle):
c - 15 bolts (quivered)
Press: ? - help, Shift-Dir - straight line, f/p - orc wizard
Aim: an orc wizard, wielding an enchanted dagger and wearing a robe (heavily wounded, fast)
You shoot a bolt. The bolt closely misses the orc wizard.
The orc wizard hits you but does no damage.
The orc wizard hits you with an enchanted dagger.
* * * LOW HITPOINT WARNING * * *
Firing (i - inventory. (,) - cycle):
c - 14 bolts (quivered)
Press: ? - help, Shift-Dir - straight line, f/p - orc wizard
Aim: an orc wizard, wielding an enchanted dagger and wearing a robe (heavily wounded, fast)
You shoot a bolt.
The bolt hits the orc wizard but does no damage.
The orc wizard is heavily wounded.
The orc wizard casts a spell at you. The magic dart hits you!
You die...

...........#.....#...
...............'.....#...
...............#.....#...
...............#.....#...
.......##.....#.....#...
#.....###'####....)#...
.##.....##.....#.....#...
........#).....#.....#...
....((.)@)..(.(#.....#...
........#o.....'.....)...
........#....<.#.....#...
!.......#.....(#.....#...
###.....##.....#....<#...
#.....##.....#.....#...
+...... ....(#.....#...
#####+# .....+.....#...
#.....#...


You could see an orc wizard.

Vanquished Creatures
  An ogre (D:4)
  2 orc wizards (D:4)
  Terence (D:3)
  2 adders
  An ooze (D:1)
  4 orcs
  3 giant cockroaches
  11 goblins
  6 hobgoblins
  10 bats
  2 giant geckos (D:3)
  3 giant newts
  11 jackals
  11 kobolds
  6 rats
74 creatures vanquished.

Notes
Turn   | Place    | Note
--------------------------------------------------------------
     0 | D:1      | derrpe the Formicid Hunter began the quest for the Orb.
     0 | D:1      | Reached XP level 1. HP: 16/16 MP: 1/1
   182 | D:1      | Reached XP level 2. HP: 8/22 MP: 2/2
  1133 | D:1      | Reached XP level 3. HP: 27/27 MP: 3/3
  1256 | D:1      | Reached skill level 5 in Crossbows
  1829 | D:2      | Found a sparkling altar of Nemelex Xobeh.
  2088 | D:2      | Reached XP level 4. HP: 33/33 MP: 4/4
  3168 | D:3      | Found an iron altar of Okawaru.
  3272 | D:3      | Became a worshipper of Warmaster Okawaru
  3347 | D:3      | Noticed Terence
  3353 | D:3      | Killed Terence
  3353 | D:3      | Reached skill level 6 in Crossbows
  3353 | D:3      | Reached XP level 5. HP: 34/38 MP: 5/5
  3849 | D:4      | Noticed an ogre
  3856 | D:4      | Killed an ogre
  3856 | D:4      | Reached skill level 7 in Crossbows
  3856 | D:4      | Reached XP level 6. HP: 28/44 MP: 6/6
  3873 | D:4      | Killed from afar by an orc wizard

Vault maps used:
D:1:      minmay_arrival_cross
D:2:      nemelex_deck
D:3:      okawaru_trees_1, first_bread, uniq_terence

Action                   |  1- 3 |  4- 6 || total
-------------------------+-------+-------++-------
Melee: Short sword       |    37 |       ||    37
       Mace              |    69 |    26 ||    95
       Dagger            |       |    54 ||    54
 Fire: Hand crossbow     |       |    25 ||    25
 Stab: Sleeping          |       |     1 ||     1
  Eat: Chunk             |     3 |     6 ||     9
